 Dungeon Crawl Stone Soup version 0.30-a0-639-g3916f1956a (webtiles) character file.

Game seed: 13152198539350427540

10559 ryw the Protected (level 11, -5/101 HPs)
             Began as an Armataur Gladiator on Jan 16, 2023.
             Was a Priest of Qazlal.
             Killed by divine providence
             ... invoked by a meliai
              (13 damage)
             ... on level 10 of the Dungeon.
             The game lasted 00:18:22 (11108 turns).

ryw the Protected (Armataur Gladiator)             Turns: 11108, Time: 00:18:23

Health: -5/101     AC: 20    Str: 22    XL:     11   Next: 37%
Magic:  20/20      EV: 11    Int: 10    God:    Qazlal [***...]
Gold:   658        SH:  4    Dex: 12    Spells: 10/10 levels left

rFire   + . .      SeeInvis .    v - +1 dire flail (drain)
rCold   . . .      Faith    .    (shield currently unavailable)
rNeg    . . .      Spirit   .    e - +0 plate armour
rPois   .          Reflect  .    c - +0 helmet
rElec   .          Harm     .    g - +2 cloak
rCorr   .          Roll     +    h - +1 pair of gloves
Will    .....                    (no barding) Stlth
                                 (no amulet)
HPRegen 0.36/turn                s - ring of Fenahix {rF+ EV+5}
MPRegen 0.17/turn                w - ring of magical power

@: no status effects
A: large, rugged brown scales 3, deformed body, armoured tail, roll, long
tongue, awkward tongue
a: Renounce Religion, Upheaval, Elemental Force


You were on level 10 of the Dungeon.
You worshipped Qazlal.
Qazlal was most pleased with you.
You visited 1 branch of the dungeon, and saw 10 of its levels.
You visited the Abyss 1 time.
You also visited: Bailey.

You collected 658 gold pieces.

Inventory:

Hand Weapons
 a - a +0 flail of venom
 v - a +1 dire flail of draining (weapon)
Missiles
 x - 8 boomerangs (quivered)
 B - 5 javelins
 C - 19 poisoned darts
Armour
 c - a +0 helmet (worn)
 e - a +0 plate armour (worn)
 g - a +2 cloak (worn)
 h - a +1 pair of gloves (worn)
Jewellery
 s - the ring of Fenahix (left hand) {rF+ EV+5}
   (You found it on level 4 of the Dungeon)

   [ring of evasion]

   EV:        It affects your evasion (+5).
   rF:        It protects you from fire.
 w - a ring of magical power (right hand)
 D - a +6 ring of dexterity
Wands
 n - a wand of polymorph (11)
 r - a wand of acid (14)
Scrolls
 d - a scroll of amnesia
 f - a scroll of brand weapon
 k - 6 scrolls of teleportation
 p - 6 scrolls of fog
 z - a scroll of magic mapping
 A - 3 scrolls of silence
Potions
 b - a potion of mutation
 i - 3 potions of curing
 j - 2 potions of heal wounds
 l - 2 potions of cancellation
 m - 2 potions of flight
 o - a potion of attraction
 q - a potion of haste
 t - 2 potions of lignification
 u - a potion of brilliance {unknown}
Miscellaneous
 y - a condenser vane


   Skills:
 + Level 8.4 Fighting
 + Level 8.7 Maces & Flails
 + Level 8.5 Throwing
 + Level 10.6 Armour
 - Level 3.0 Dodging


You had 10 spell levels left.
You didn't know any spells.
Your spell library contained the following spells:

 Spells                   Type           Power      Damage    Failure   Level
 Apportation              Tloc           0%         N/A       99%         1
 Freeze                   Ice            0%         1d3       99%         1
 Magic Dart               Conj           0%         1d3       99%         1
 Necrotise                Necr           0%         1d4       99%         1
 Shock                    Conj/Air       0%         1d3       99%         1
 Summon Small Mammal      Summ           0%         N/A       99%         1
 Blink                    Tloc           0%         N/A       100%        2
 Call Imp                 Summ           0%         N/A       100%        2
 Lesser Beckoning         Tloc           0%         N/A       100%        2
 Momentum Strike          Conj/Tloc      0%         3d8       100%        2
 Passwall                 Tmut/Erth      0%         N/A       100%        2
 Poisonous Vapours        Pois/Air       0%         N/A       100%        2
 Hailstorm                Conj/Ice       0%         3d3       100%        3
 Mephitic Cloud           Conj/Pois/Air  0%         N/A       100%        3
 Swiftness                Air            0%         N/A       100%        3
 Vampiric Draining        Necr           0%         2d6       100%        3
 Vhi's Electric Charge    Tloc/Air       0%         N/A       100%        3
 Airstrike                Air            0%         2d(0-16)  100%        4
 Summon Ice Beast         Ice/Summ       0%         N/A       100%        4
 Agony                    Necr           0%         N/A       100%        5
 Polar Vortex             Ice            0%         N/A       100%        9


Dungeon Overview and Level Annotations

Branches:
Dungeon (10/15)            Temple (0/1) D:7            Lair (0/5) D:8
    Orc (0/2) D:10         Bailey (visited)

Altars:
Ashenzari
Cheibriados
Dithmenos
Fedhas
Gozag
Kikubaaqudgha
Makhleb
Okawaru
Qazlal
Ru
Trog
Uskayaw
Vehumet
Wu Jian
Xom
Yredelemnul


Innate Abilities, Weirdness & Mutations

You are completely covered in rugged brown scales. (AC +3, +7% HP)
Armour fits poorly on your strangely shaped body.
You have a long armoured tail.
You roll when moving toward enemies. (Rampage)
Your long tongue fully drains potion bottles. (2x potion effects)
Your tongue gives you trouble enunciating. (1.5x scroll delay)


Message History

An orc comes into view. It is wielding a +0 falchion.
The meliai hits you with a +0 hand axe!
The meliai stings you but does no damage.
You feel sick. The meliai misses you.
The meliai stings you but does no damage.
You see here 8 gold pieces.
You feel sick. The meliai barely misses you. The meliai stings you.
You are more poisoned.
The meliai poisons you!
You feel very sick. The meliai hits you but does no damage.
The meliai stings you.
You are more poisoned.
The meliai poisons you!
You feel extremely sick. The meliai hits you but does no damage.
The meliai barely misses you.
You closely miss the meliai.
Your tail-slap misses the meliai.
You feel very sick.
The meliai invokes the aid of its god against you.
Something smites you!
* * * LOW HITPOINT WARNING * * *
The meliai barely misses you. The meliai stings you.
* * * LOW HITPOINT WARNING * * *
* * * LOW HITPOINT WARNING * * *
You feel very sick. The meliai closely misses you.
The meliai stings you but does no damage.
You barely miss the meliai.
* * * LOW HITPOINT WARNING * * *
You feel very sick.
The meliai calls down the wrath of its god upon you.
Something smites you!
* * * LOW HITPOINT WARNING * * *
You slurp down every last drop of the 4 potions of curing!
You feel better.
The meliai mumbles some strange prayers to its god against you.
Something smites you!
* * * LOW HITPOINT WARNING * * *
The meliai mumbles some strange prayers to its god against you.
Something smites you!
You die...

#... #... #... ##.. ##.. ####...
#########......
###############.........#..(.
.......##oy@...#########[...
♣..##.#..###### ###......
♣...#.$.###########...#.#..
♣.....####..........###.##.
♣.♣♣♣(...........[[#####.###
♣♣....).......##.<)..#.#
♣)........... #)#...#)###
..⌠.................##[.#..#.#..
♣♣.♣♣♣♣........................#


You could see a meliai and an orc.

Vanquished Creatures
  2 vault guards (Bailey)
  A two-headed ogre (D:9)
  A wizard (D:10)
  2 hornets (D:9)
  3 trolls
  Prince Ribbit (Bailey)
  4 yaks (D:10)
  Eustachio (D:6)
  6 humans (Bailey)
  A wraith (D:10)
  A steam dragon (D:7)
  An ice beast (D:5)
  5 orc warriors
  2 sky beasts (D:7)
  A black bear (D:7)
  6 wolves
  5 centaurs
  A kobold brigand (D:8)
  A phantom (D:4)
  A gnoll sergeant (D:10)
  A necrophage (D:5)
  19 bullfrogs
  2 scorpions
  14 killer bees
  2 electric eels (D:8)
  4 howler monkeys
  2 gnoll boudas
  2 jellies
  4 orc priests
  4 hounds
  2 iguanas
  Terence (D:2)
  7 orc wizards
  28 gnolls
  6 adders
  A shadow imp (D:4)
  2 ufetubi
  3 worms
  4 dart slugs
  32 orcs
  3 ball pythons
  7 bats
  4 endoplasms
  4 giant cockroaches
  13 goblins
  16 hobgoblins
  4 jackals (D:1)
  3 quokkas
  4 frilled lizards
  11 kobolds
  9 rats
  A spectral orc (D:3)
265 creatures vanquished.

Vanquished Creatures (others)
  A human (D:6)
1 creature vanquished.

Grand Total: 266 creatures vanquished

Notes
Turn   | Place    | Note
-------+----------+-------------------------------------------
     0 | D:1      | ryw the Armataur Gladiator began the quest for the Orb.
     0 | D:1      | Reached XP level 1. HP: 18/18 MP: 1/1
    68 | D:1      | Reached XP level 2. HP: 25/25 MP: 2/2
   185 | D:1      | Reached skill level 1 in Armour
   311 | D:1      | Reached XP level 3. HP: 31/31 MP: 3/3
   982 | D:2      | Reached XP level 4. HP: 31/38 MP: 4/4
  1129 | D:2      | Noticed Terence
  1268 | D:2      | Killed Terence
  1536 | D:2      | Got the Elucidation of the Icicle
  1572 | D:3      | Found a shadowy altar of Dithmenos.
  1578 | D:3      | Found a broken altar of Ashenzari.
  1600 | D:3      | Found a burning altar of Makhleb.
  1618 | D:3      | Found an iron altar of Okawaru.
  1837 | D:3      | Found a hide-covered altar of Uskayaw.
  1883 | D:3      | Reached skill level 2 in Armour
  1915 | D:3      | Found a basalt altar of Yredelemnul.
  2037 | D:3      | Found a sacrificial altar of Ru.
  2334 | D:3      | Found an ornate altar of the Wu Jian Council.
  2392 | D:4      | Noticed a phantom
  2394 | D:4      | Reached XP level 5. HP: 42/44 MP: 5/5
  2399 | D:4      | Found a blossoming altar of Fedhas.
  2400 | D:4      | HP: 2/44 [gnoll/+0 flail (3)]
  2745 | D:4      | Killed a phantom
  2888 | D:4      | Found an opulent altar of Gozag.
  2962 | D:4      | Reached XP level 6. HP: 43/53 MP: 6/6
  3023 | D:4      | Reached skill level 3 in Armour
  3188 | D:4      | Identified the ring of Fenahix {rF+ EV+5}
  3200 | D:4      | Found a snail-covered altar of Cheibriados.
  3275 | D:5      | Entered Level 5 of the Dungeon
  3275 | D:5      | Noticed an ice beast
  3394 | D:5      | Killed an ice beast
  3490 | D:5      | Found a shimmering altar of Xom.
  3490 | D:5      | Found a shimmering altar of Xom.
  3491 | D:5      | Found a shimmering altar of Xom.
  3491 | D:5      | Found a shimmering altar of Xom.
  3583 | D:5      | Found a shimmering altar of Xom.
  3583 | D:5      | Found a shimmering altar of Xom.
  3763 | D:5      | Reached XP level 7. HP: 59/60 MP: 7/7
  3878 | D:5      | Found a bloodstained altar of Trog.
  3882 | D:5      | Reached skill level 4 in Armour
  4026 | D:5      | Found a shimmering altar of Xom.
  4107 | D:5      | Found a stormy altar of Qazlal.
  4114 | D:5      | Became a worshipper of Qazlal Stormbringer
  4745 | D:6      | Noticed Eustachio
  4758 | D:6      | Killed Eustachio
  4830 | D:6      | Found an ancient bone altar of Kikubaaqudgha.
  4831 | D:6      | Noticed a human
  4834 | D:6      | Killed a human
  4863 | D:6      | Reached skill level 5 in Armour
  4863 | D:6      | Reached XP level 8. HP: 30/68 MP: 8/8
  5140 | D:7      | Reached skill level 5 in Maces & Flails
  5508 | D:7      | Reached skill level 5 in Fighting
  5508 | D:7      | Reached skill level 5 in Throwing
  5508 | D:7      | Reached skill level 6 in Armour
  5960 | D:7      | Found a staircase to the Ecumenical Temple.
  6099 | D:7      | Reached * piety under Qazlal
  6305 | D:8      | Reached XP level 9. HP: 79/79 MP: 9/9
  6770 | D:8      | Found a radiant altar of Vehumet.
  6785 | D:8      | Noticed a troll
  6789 | D:8      | Reached skill level 7 in Armour
  6810 | D:8      | Killed a troll
  6983 | D:8      | Found a staircase to the Lair.
  7216 | D:8      | Reached ** piety under Qazlal
  7401 | D:8      | Reached skill level 8 in Armour
  7517 | D:8      | Noticed a troll
  7530 | D:8      | Killed a troll
  7910 | D:9      | Found a flagged portal.
  7950 | Bailey   | Entered a bailey
  7959 | Bailey   | Reached XP level 10. HP: 89/89 MP: 10/10
  8251 | Bailey   | Noticed a vault guard
  8251 | Bailey   | Noticed Prince Ribbit
  8263 | Bailey   | Killed a vault guard
  8264 | Bailey   | Reached skill level 9 in Armour
  8268 | Bailey   | Killed Prince Ribbit
  8695 | Bailey   | Noticed a vault guard
  8713 | Bailey   | Killed a vault guard
  9028 | D:9      | Paralysed by a hornet for 1 turns
  9298 | D:9      | Reached skill level 10 in Armour
  9469 | D:9      | Reached XP level 11. HP: 95/100 MP: 11/11
 10112 | D:9      | Noticed a two-headed ogre
 10119 | D:9      | Killed a two-headed ogre
 10377 | D:10     | Entered Level 10 of the Dungeon
 10458 | D:10     | Reached *** piety under Qazlal
 11007 | D:10     | Got Anoosh's Spellbook of Altered Turbulence
 11015 | D:10     | Found a staircase to the Orcish Mines.
 11058 | D:10     | Noticed a wizard
 11066 | Abyss:3  | Cast into level 3 of the Abyss (a wizard)
 11092 | D:10     | Escaped the Abyss
 11096 | D:10     | Killed a wizard
 11108 | D:10     | Killed from afar by a meliai

Illustrated notes

Levels and vault maps discovered:
D:1:      lightli_arrival_chessboard, layout_rooms, minivault_24
D:2:      minmay_recursive_quarters, layout_basic, serial_glass,
          glass_columns_b, glass_columns_c, uniq_terence
D:3:      layout_rooms, yredelemnul_forgotten_temple_becter,
          hellmonk_okawaru_the_only_friend_you_need,
          nicolae_ru_sacrificial_ziggurat, mainiacjoe_overflow_tiny_flanked,
          lemuel_doored_altar, mainiacjoe_overflow_large_starburst,
          bloody_makhleb, serial_corexii_hall, corexii_hall_statues_i,
          chequers_hall_statues_y, chequers_hall_statues_wall_a,
          chequers_hall_statues_corner_a, corexii_hall_statues_l,
          small_statue_intersection
D:4:      layout_cave_pools, mainiacjoe_overflow_surrounded_room,
          grunt_gozag_statues, lemuel_crystal_altar
D:5:      layout_loops_ring, nicolae_xom_altar_mimics, lemuel_tele_altar,
          marbit_many_paths
D:6:      layout_gridville, tgw_kikubaaqudgha, uniq_eustachio
D:7:      layout_basic, minmay_temple_entry_fiery, st_stairs_9
D:8:      layout_rooms, amcnicky_altar_gilded, erik_lair_island
D:9:      layout_stronghold, lightli_bailey_entry_fortress, minivault_11
D:10:     layout_rooms, kb_rosetta

Skill      XL: |  1  2  3  4  5  6  7  8  9 10 11 |
---------------+----------------------------------+-----
Throwing       | 2 3 4 5 6 8 |  8.5
Armour         | 1 2 3 5 6 8 10 | 10.6
Fighting       | 2 3 4 5 6 7 8 |  8.4
Maces & Flails | 3 4 5 7 8 |  8.7
Dodging        | 3 |  3.0

Action                   |  1- 3 |  4- 6 |  7- 9 | 10-12 || total
-------------------------+-------+-------+-------+-------++-------
Melee: Flail             |   110 |   234 |    75 |       ||   419
       Tailslap          |    10 |    27 |    41 |    36 ||   114
       Punch             |       |     1 |     1 |       ||     2
       Dire flail        |       |       |   282 |   268 ||   550
Throw: Throwing net      |     2 |       |     4 |     3 ||     9
       Javelin           |       |       |    11 |       ||    11
       Dart              |       |       |     5 |       ||     5
       Boomerang         |       |       |       |    23 ||    23
  Use: Scroll            |       |    11 |     8 |     4 ||    23
       Potion            |       |     1 |     2 |     3 ||     6
 Stab: Sleeping          |       |     1 |       |       ||     1
       Held in net/web   |       |       |     1 |       ||     1
Armor: Leather armour    |    46 |   117 |   128 |    31 ||   322
       Plate armour      |       |       |       |   135 ||   135
Dodge: Dodged            |    63 |   158 |   346 |   205 ||   772
Block: Other             |       |       |    16 |    55 ||    71

Table legend: (Time is in decaauts)
 A = Elapsed time spent in this place.
 B = Non-inter-level travel time spent in this place.
 C = Inter-level travel time spent in this place.
 D = Time resting spent in this place.
 E = Time spent auto-exploring this place.
 F = Levels seen in this place.
 G = Mean time per level.
                   A        B        C        D        E       F      G
               +--------+--------+--------+--------+--------+-----+--------+
         Total |  11187 |  10730 |    457 |   2844 |   5701 |  12 |  932.2 |
       Dungeon |  10143 |   9686 |    457 |   2289 |   5446 |  10 | 1014.3 |
         Abyss |     25 |     25 |      0 |      0 |      0 |   1 |   25.0 |
        Bailey |   1018 |   1018 |      0 |    555 |    255 |   1 | 1018.0 |
               +--------+--------+--------+--------+--------+-----+--------+

Top non-repeatable levels by time:
     D:9: 1862 daAuts
     D:7: 1328 daAuts
     D:8: 1310 daAuts
     D:2: 1135 daAuts
     D:3: 1044 daAuts
  Bailey: 1018 daAuts
     D:6: 960 daAuts
     D:5: 957 daAuts
     D:4: 804 daAuts
     D:1: 472 daAuts
    D:10: 266 daAuts
 Abyss:3: 25 daAuts
